 Dungeon Crawl Stone Soup version 0.14-a0-942-gbd853f2 (webtiles) character file.

527 4tharraofdagon the Ruffian (level 6, -11/59 HPs)
             Began as an Ogre Transmuter on Nov 19, 2013.
             Mangled by an ogre
             ... wielding a +0,+0 giant club
              (12 damage)
             ... on Level 7 of the Dungeon.
             The game lasted 00:07:33 (1390 turns).

4tharraofdagon the Ruffian (Ogre Transmuter)        Turns: 1390, Time: 00:07:33

HP -11/59        AC  4     Str 18      XL: 6   Next: 87%
MP  11/11        EV  5     Int 17      God:
Gold 121         SH 26     Dex 10      Spells:  3 memorised,  3 levels left

Res.Fire  : . . .   See Invis. : .     - Unarmed
Res.Cold  : . . .   Warding    : .   c - +0 robe
Life Prot.: . . .   Conserve   : .   j - +1 large shield
Res.Poison: .       Res.Corr.  : .   k - +1 wizard hat
Res.Elec. : .       Clarity    : .   (no cloak)
Sust.Abil.: . .     Spirit.Shd : .   (gloves unavailable)
Res.Mut.  : .       Stasis     : .   (boots unavailable)
Res.Rott. : .       Flight     : .   (no amulet)
Saprovore : + . .                    (no ring)
                                     (no ring)

@: brilliant, slightly resistant to hostile enchantments, unstealthy
A: unfitting armour, fast metabolism 1, saprovore 1, tough skin 1
a: no special abilities


You were on level 7 of the Dungeon.
You were not hungry.

You visited 1 branch of the dungeon, and saw 7 of its levels.

You collected 121 gold pieces.

Inventory:

Missiles
 b - 12 arrows
 n - a silver javelin (quivered)
 y - 11 tomahawks
Armour
 c - a +0 robe (worn)
 j - a +1 large shield (worn)
 k - a +1 wizard hat (worn)
Magical devices
 q - a wand of confusion (15)
 u - a wand of magic darts (19)
Comestibles
 a - 2 meat rations
 g - 2 bread rations
 z - 2 chunks of centaur flesh
 A - a choko
Scrolls
 e - 2 scrolls of curse weapon {unknown}
 f - 3 scrolls of remove curse {unknown}
 h - a scroll of fear {unknown}
 i - a scroll of enchant weapon I {unknown}
 l - 3 scrolls of identify {unknown}
 m - a scroll of fog {unknown}
 t - a scroll of enchant weapon II {unknown}
 v - a scroll of teleportation
 w - a scroll of recharging {unknown}
 x - a scroll of immolation {unknown}
Jewellery
 p - an uncursed amulet of faith {unknown}
Potions
 o - a potion of flight
 r - 3 potions of curing
 s - a potion of brilliance
Books
 d - a book of Changes

   Spells                             Type                      Level
   *Beastly Appendage                 Transmutation                1
   Sticks to Snakes                   Transmutation                2
   *Spider Form                       Transmutation/Poison         3
   *Ice Form                          Ice/Transmutation            4
   Blade Hands                        Transmutation                5


   Skills:
 + Level 4.2 Fighting
 - Level 1.7 Dodging
 + Level 2.0 Shields
 * Level 5.0 Unarmed Combat
 - Level 3.4 Spellcasting
 - Level 1.9 Transmutations


You had 3 spell levels left.
You knew the following spells:

 Your Spells              Type           Power        Failure   Level  Hunger
a - Beastly Appendage     Trmt           ###...       34%         1    None
b - Spider Form           Trmt/Pois      ###.......   80%         3    ###....
c - Ice Form              Ice/Trmt       ###.......   97%         4    ####...


Dungeon Overview and Level Annotations

Branches:
Dungeon (7/16)                Orc (0/4) D:6
 Temple: D:4-7

Altars:
Ashenzari
Cheibriados
Zin

Shops:
D:6 (

Annotations:
D:7 4tharraofdagon's ghost, average OgTm


Innate Abilities, Weirdness & Mutations

You are too large for most types of armour.
You have a fast metabolism.
You can tolerate rotten meat.
You have tough skin (AC +1).*


Message History

The ogre is heavily wounded.
The crimson imp spits at you.
Throwing (i - inventory. (,) - cycle):
n - 3 silver javelins (quivered)
Press: ? - help, Shift-Dir - straight line, f/p - ogre
Aim: an ogre, wielding a giant club (heavily wounded)
You throw a silver javelin. The silver javelin hits the ogre.
The ogre is severely wounded.
You block the crimson imp's attack.
You hit the ogre.
The ogre is severely wounded.
You block the crimson imp's attack. The ogre hits you with a giant club!
* * * LOW HITPOINT WARNING * * *
Unknown command.
Throwing (i - inventory. (,) - cycle):
n - 2 silver javelins (quivered)
Press: ? - help, Shift-Dir - straight line, f/p - ogre
Aim: an ogre, wielding a giant club (severely wounded)
You throw a silver javelin. The silver javelin hits the ogre.
The ogre is almost dead.
You block the crimson imp's attack. The ogre hits you with a giant club!
You die...

###### ..(...# .......#
#.......# #.....(.#
#......(# #......O#
#.....5@###############
#####+#.......##.......
#................
#................#
#................#
#................#
#................# #.#
#................# #.#
#.......##'#######


You could see an ogre and a crimson imp.

Vanquished Creatures
  2 ogres
  A centaur (D:6)
  A hound (D:7)
  An iguana (D:5)
  A worker ant (D:4)
  A hound skeleton (D:4)
  5 adders
  A giant gecko (D:5)
  5 orcs
  3 bats
  A hobgoblin (D:4)
  2 jackals (D:2)
  6 kobolds
  3 giant newts
  6 goblins
  2 kobold zombies (D:4)
  An orc zombie (D:5)
  4 rats
  A rat skeleton (D:4)
47 creatures vanquished.

Notes
Turn   | Place    | Note
--------------------------------------------------------------
     0 | D:1      | 4tharraofdagon, the Ogre Transmuter, began the quest for the Orb.
     0 | D:1      | Reached XP level 1. HP: 19/19 MP: 1/1
   119 | D:2      | Reached XP level 2. HP: 25/27 MP: 0/3
   127 | D:2      | Reached skill level 3 in Unarmed Combat
   182 | D:2      | Found a shattered altar of Ashenzari.
   234 | D:1      | Reached XP level 3. HP: 24/33 MP: 3/5
   453 | D:3      | Found a glowing silver altar of Zin.
   560 | D:5      | Entered Level 5 of the Dungeon
   560 | D:5      | Noticed an ogre
   567 | D:5      | Killed an ogre
   567 | D:5      | Reached XP level 4. HP: 14/42 MP: 7/7
   567 | D:5      | Reached XP level 5. HP: 16/49 MP: 9/9
   576 | D:5      | Learned a level 3 spell: Spider Form
   581 | D:5      | Learned a level 4 spell: Ice Form
   589 | D:5      | Found a snail-covered altar of Cheibriados.
   617 | D:5      | Paralysed by a potion of paralysis for 4 turns
   701 | D:6      | Found a staircase to the Orcish Mines.
   701 | D:6      | Found Joficiuc's Weapon Shoppe.
   702 | D:6      | Noticed an orc warrior
   748 | D:5      | Noticed an ice beast
   806 | D:4      | Reached skill level 4 in Unarmed Combat
   867 | D:4      | Noticed an ogre
   877 | D:4      | Killed an ogre
   877 | D:4      | Reached skill level 1 in Shields
   877 | D:4      | Reached XP level 6. HP: 32/58 MP: 11/11
  1235 | D:6      | Noticed a centaur
  1257 | D:6      | Killed a centaur
  1292 | D:6      | Noticed an orc warrior
  1332 | D:7      | Reached skill level 5 in Unarmed Combat
  1358 | D:7      | Noticed 4tharraofdagon's ghost (average OgTm)
  1389 | D:7      | HP: 1/59 [ogre/giant club (26)]
  1390 | D:7      | Mangled by an ogre

Action                   |  1- 3 |  4- 6 || total
-------------------------+-------+-------++-------
Melee: Unarmed           |    50 |   132 ||   182
Throw: Javelin           |    10 |    21 ||    31
 Cast: Beastly Appendage |     9 |     1 ||    10
Evoke: Wand              |       |     2 ||     2
  Use: Potion            |     4 |     5 ||     9
       Scroll            |       |     2 ||     2
 Stab: Invisible         |       |     1 ||     1
